 Dungeon Crawl Stone Soup version 0.29-a0-319-gad05b8d819 (webtiles) character file.

Game seed: 17704591170072465196

14 tilp the Chopper (level 2, 0/28 HPs)
             Began as a Mayflytaur Berserker on Apr 1, 2022.
             Was a Follower of Trog.
             Slain by an iguana (9 damage)
             ... on level 4 of the Dungeon.
             The game lasted 00:01:33 (219 turns).

tilp the Chopper (Mayflytaur Berserker)              Turns: 219, Time: 00:01:33

Health: 0/28       AC:  6    Str: 24    XL:     2   Next: 45%
Magic:  3/3        EV: 10    Int:  8    God:    Trog [*.....]
Gold:   15         SH:  0    Dex: 13    Spells: 1/1 levels left

rFire   . . .      SeeInvis .   a - +0 hand axe
rCold   . . .      Faith    .   (no shield)
rNeg    . . .      Spirit   .   e - +0 scale mail
rPois   .          Reflect  .   (no helmet)
rElec   .          Harm     .   (no cloak)
rCorr   .          Rampage  .   (no gloves)
Will    .....                   (no boots)
Stlth   ..........              (no amulet)
HPRegen 0.09/turn               c - +6 ring of strength
MPRegen 0.08/turn               (no ring)

@: flying
A: damage resistance, big wings, sense surroundings 1, short lifespan
a: Renounce Religion, Berserk


You were on level 4 of the Dungeon.
You worshipped Trog.
Trog was aware of your devotion.
You visited 1 branch of the dungeon, and saw 4 of its levels.

You collected 15 gold pieces.

Inventory:

Hand Weapons
 a - a +0 hand axe (weapon)
Missiles
 j - 25 stones (quivered)
Armour
 b - a +0 animal skin
 e - a +0 scale mail (worn)
Jewellery
 c - a +6 ring of strength (left hand)
Scrolls
 d - a scroll of blinking {unknown}
 f - a scroll of enchant weapon {unknown}
 g - a scroll of fear {unknown}
 i - a scroll of identify {unknown}
Potions
 h - a potion of ambrosia {unknown}


   Skills:
 + Level 3.5 Fighting
 * Level 3.9 Axes
 - Level 2.1 Armour
 - Level 2.1 Dodging


You had one spell level left.
You didn't know any spells.
Your spell library was empty.

Dungeon Overview and Level Annotations

Branches:
Dungeon (4/15)
 Temple: D:4-7

Altars:


Innate Abilities, Weirdness & Mutations

You are resistant to damage.
Your large and strong wings let you fly.
You passively map a small area around you.
You are easily found by Zot.


Message History

The orc is severely wounded.
The orc hits you with a +0 club.
You hit the orc.
The orc is almost dead.
You hit the endoplasm. The endoplasm freezes you.
You are frozen.
The orc hits you but does no damage.
You hit the endoplasm.
The endoplasm is almost dead.
You barely miss the orc. You hit the iguana but do no damage.
The orc hits you but does no damage. The endoplasm freezes you.
You are frozen.
The iguana completely misses you.
You slash the endoplasm!
You kill the endoplasm!
Trog accepts your kill.
You hit the orc.
You kill the orc!
Trog accepts your kill.
You hit the iguana. The iguana barely misses you.
You hit the iguana.
The iguana is severely wounded.
The iguana barely misses you.
You hit the iguana but do no damage.
The iguana is severely wounded.
The iguana bites you. The iguana closely misses you.
You hit the iguana but do no damage.
The iguana is heavily wounded.
The iguana bites you!
* * * LOW HITPOINT WARNING * * *
You barely miss the iguana.
The iguana is heavily wounded.
The iguana barely misses you.
You hit the iguana but do no damage.
The iguana is heavily wounded.
The iguana completely misses you.
You barely miss the iguana.
The iguana is heavily wounded.
The iguana bites you!
You die...

, , * * * #..........
, * * *#......... # *
,* , ,........,... ,
...... ...# * , ,
,....##.... , , ,
......... *
#+####+#.l......* .
#.......@)......* ,
..####...............
..............#.##...
,
..............#.##...
....................
,###....####..##.....
.......<.....# .....
, ,#....##......#*
.... ... ,#.....##
##..


You could see an iguana.

Vanquished Creatures
  An orc (D:4)
  3 ball pythons
  2 endoplasms
  A hobgoblin (D:1)
  2 kobolds (D:1)
  2 frilled lizards (D:1)
  A goblin (D:1)
  2 rats (D:1)
14 creatures vanquished.

Notes
Turn   | Place    | Note
-------+----------+-------------------------------------------
     0 | D:1      | tilp the Mayflytaur Berserker began the quest for the Orb.
     0 | D:1      | Reached XP level 1. HP: 21/21 MP: 2/2
    69 | D:1      | Reached XP level 2. HP: 28/28 MP: 3/3
    98 | D:1      | Glimpsed the power of Zot.
   219 | D:4      | Slain by an iguana

Illustrated notes

Levels and vault maps discovered:
D:1:      psy_arrival_terrarium, layout_basic,
          ebering_ecumenical_altar_sacrificial
D:2:      layout_loops_ring, kennysheep_generic_room_7, uniq_jessica
D:3:      layout_rooms
D:4:      layout_basic, serial_shops, shop, chequers_serial_rivers_small_b

Action                   || total
-------------------------++-------
Melee: Hand axe          ||    42
       Punch             ||     1
Armor: Scale mail        ||     3
       Animal skin       ||     2
Dodge: Dodged            ||    24

Table legend: (Time is in decaauts)
 A = Elapsed time spent in this place.
 B = Non-inter-level travel time spent in this place.
 C = Inter-level travel time spent in this place.
 D = Time resting spent in this place.
 E = Time spent auto-exploring this place.
 F = Levels seen in this place.
 G = Mean time per level.
                   A        B        C        D        E       F      G
               +--------+--------+--------+--------+--------+-----+--------+
         Total |    223 |    223 |      0 |      0 |      0 |   4 |   55.8 |
       Dungeon |    223 |    223 |      0 |      0 |      0 |   4 |   55.8 |
               +--------+--------+--------+--------+--------+-----+--------+

Top non-repeatable levels by time:
     D:1: 155 daAuts
     D:4: 27 daAuts
     D:3: 21 daAuts
     D:2: 19 daAuts
